 Dungeon Crawl Stone Soup version 0.26-a0-859-gf57989e088 (webtiles) character file.

Game seed: 4671902627562288335

58 Atelerd the Stinger (level 4, 0/28 HPs)
             Began as an Octopode Venom Mage on Nov 25, 2020.
             Slain by an adder (1 damage)
             ... on level 2 of the Dungeon.
             The game lasted 00:02:23 (2134 turns).

Atelerd the Stinger (Octopode Venom Mage)           Turns: 2134, Time: 00:02:24

Health: 0/28       AC:  1    Str:  7    XL:     4   Next: 2%
Magic:  0/7        EV: 13    Int: 18    God:
Gold:   63         SH:  0    Dex: 12    Spells: 3/7 levels left

rFire    + . .     SeeInvis .   d - +0 dagger
rCold    + . .     Faith    .   (no shield)
rNeg     . . .     Spirit   .   (helmet restricted)
rPois    +         Reflect  .   (no amulet)
rElec    +         Harm     .   (no ring)
rCorr    +         Rampage  .   (no ring)
MR       .....                  (no ring)
Stlth    +++.......             (no ring)
HPRegen  0.09/turn              (no ring)
MPRegen  0.10/turn              (no ring)
                                (no ring)
                                (no ring)

@: lethally poisoned (0 -> -4), resistant, very slightly contaminated
A: almost no armour, stealthy swim, amphibious, 8 rings, constrict 8, camouflage
1, gelatinous body 1
a: no special abilities


You were on level 2 of the Dungeon.
You visited 1 branch of the dungeon, and saw 2 of its levels.

You collected 63 gold pieces.

Inventory:

Hand Weapons
 d - a +0 dagger (weapon)
Scrolls
 b - a scroll of fog {unknown}
 c - a scroll of enchant armour {unknown}
 f - a scroll of noise {unknown}
 g - a scroll of remove curse {unknown}
Potions
 a - a potion of degeneration {unknown}


   Skills:
 + Level 1.3 Fighting
 + Level 2.4 Dodging
 + Level 3.5 Stealth
 + Level 2.4 Spellcasting
 - Level 1.0 Transmutations
 + Level 0.4 Air Magic
 + Level 4.1 Poison Magic


You had 3 spell levels left.
You knew the following spells:

 Your Spells              Type           Power        Failure   Level
a - Sting                 Tmut/Pois      ##..         6%          1
b - Mephitic Cloud        Conj/Pois/Air  #.......     28%         3

Your spell library contained the following spells:

 Spells                   Type           Power        Failure   Level
 Poisonous Vapours        Pois/Air       ##....       11%         2
 Ignite Poison            Fire/Tmut/Pois #.......     26%         3
 Olgreb's Toxic Radiance  Pois           ###.....     32%         4


Dungeon Overview and Level Annotations

Branches:
Dungeon (2/15)

Altars:


Innate Abilities, Weirdness & Mutations

You cannot wear most types of armour.
You are very stealthy in the water. (Stealth+)
You are amphibious.
You can wear up to eight rings at the same time.
You can use your tentacles to constrict eight enemies at once.
Your skin changes colour to match your surroundings (Stealth+).
Your rubbery body absorbs attacks. (AC +1, EV +1)


Message History

Press: ? - help, Shift-Dir - straight line, f/p - adder
Aim: an adder (heavily wounded, very poisoned, 30% to evade)
The sting misses the adder.
The sting hits the worm.
The worm looks even sicker.
You kill the worm!
The adder bites you.
* * * LOW HITPOINT WARNING * * *
You have reached level 4!
You hit the adder. Your grab misses the adder.
The adder is severely wounded.
The adder bites you.
* * * LOW HITPOINT WARNING * * *
You are lethally poisoned!
The adder poisons you!
Unknown command.
It was a potion of resistance.
You feel protected.
* * * LOW HITPOINT WARNING * * *
You feel sick. The adder bites you.
You die...

#.# #.#.# #.#
...... #.# .#.#.#
#.# #....## #.# ##
##....g.. #.#
....###g....# #.#
#..gg# #.# #.##S#
..# #@# ### #.#
########## #.# ####
#.........
#.####.....
####<########
#......# .....##
#......# ......#
##.###.#
#####.###########.#
.. #
#.............# #


You could see 3 gnolls and an adder (poisoned).

Vanquished Creatures
  An ooze (D:1)
  2 worms (D:2)
  4 dart slugs
  A leopard gecko (D:1)
  6 bats
  2 goblins (D:1)
  7 hobgoblins
  2 ball pythons
  7 frilled lizards
  5 kobolds
  2 rats
39 creatures vanquished.

Notes
Turn   | Place    | Note
-------+----------+-------------------------------------------
     0 | D:1      | Atelerd the Octopode Venom Mage began the quest for the
                  | Orb.
     0 | D:1      | Reached XP level 1. HP: 11/11 MP: 3/3
   219 | D:1      | Reached XP level 2. HP: 10/18 MP: 0/5
  1078 | D:1      | Reached XP level 3. HP: 22/22 MP: 2/6
  1094 | D:1      | Reached skill level 1 in Fighting
  1094 | D:1      | Reached skill level 4 in Poison Magic
  1358 | D:1      | Learned a level 3 spell: Mephitic Cloud
  1964 | D:2      | Found a faded altar of an unknown god.
  2133 | D:2      | Reached XP level 4. HP: 5/28 MP: 0/7
  2134 | D:2      | HP: 1/28 [poisoned by an adder]
  2134 | D:2      | Slain by an adder

Illustrated notes

Levels and vault maps discovered:
D:1:      lemuel_arrival_river_bridge, layout_basic
D:2:      layout_loops_ring, chequers_ecumenical_altar_island, st_stairs_13

Skill      XL: |  1  2  3 |
---------------+----------+-----
Stealth        | 3 |  3.5
Fighting       | 1 |  1.3
Poison Magic   | 4 |  4.1
Dodging        | |  2.4
Spellcasting   | |  2.4
Transmutations | |  1.0
Air Magic      | |  0.4

Action                   |  1- 3 |  4- 6 || total
-------------------------+-------+-------++-------
Melee: Unarmed           |    11 |       ||    11
       Constrict         |    15 |       ||    15
       Tentacles         |    12 |       ||    12
       Dagger            |    47 |     1 ||    48
 Cast: Sting             |    47 |       ||    47
  Use: Potion            |       |     1 ||     1
 Stab: Sleeping          |     8 |       ||     8
Armor: Skin              |     9 |       ||     9
Dodge: Dodged            |    55 |       ||    55

Table legend: (Time is in decaauts)
 A = Elapsed time spent in this place.
 B = Non-inter-level travel time spent in this place.
 C = Inter-level travel time spent in this place.
 D = Time resting spent in this place.
 E = Time spent auto-exploring this place.
 F = Levels seen in this place.
 G = Mean time per level.
                   A        B        C        D        E       F      G
               +--------+--------+--------+--------+--------+-----+--------+
         Total |   2133 |   2120 |     13 |    759 |   1067 |   2 | 1066.5 |
       Dungeon |   2133 |   2120 |     13 |    759 |   1067 |   2 | 1066.5 |
               +--------+--------+--------+--------+--------+-----+--------+

Top non-repeatable levels by time:
     D:1: 1370 daAuts
     D:2: 762 daAuts
